 Dungeon Crawl Stone Soup version 0.17-a0-1718-g72dbe4d (webtiles) character file.

182 Oddball22 the Insei (level 5, -10/41 HPs)
             Began as a Draconian Transmuter on Aug 26, 2015.
             Shot with an arrow by a centaur (12 damage)
             ... on level 4 of the Dungeon.
             The game lasted 00:12:38 (3653 turns).

Oddball22 the Insei (Draconian Transmuter)          Turns: 3653, Time: 00:12:38

Health: -10/41     AC:  5    Str: 12    XL:     5   Next: 34%
Magic:  8/8        EV: 12    Int: 13    God:
Gold:   215        SH:  0    Dex: 13    Spells: 3 memorised, 2 levels left

rFire  . . .     SeeInvis .     i - +2 dagger (speed)
rCold  . . .     Clarity  .     (armour unavailable)
rNeg   . . .     SustAt   .     (no shield)
rPois  .         Gourm    .     (helmet restricted)
rElec  .         Spirit   .     (no cloak)
rCorr  .         Warding  .     (no gloves)
rMut   .         Stasis   .     (no boots)
MR     .....                    (no amulet)
Stlth  +.........               (no ring)
                                (no ring)

@: not resistant to hostile enchantments, very unstealthy
A: unfitting armour, cold-blooded, AC +5
a: no special abilities


You were on level 4 of the Dungeon.
You were not hungry.

You visited 1 branch of the dungeon, and saw 5 of its levels.

You collected 215 gold pieces.

Inventory:

Hand weapons
 i - a +2 dagger of speed (weapon)
 o - a +0 trident of protection
Missiles
 a - 72 arrows
 l - 5 arrows of flame
 p - 23 poisoned arrows
Armour
 n - a cursed -1 leather armour
Magical devices
 y - a wand of fire (7)
Scrolls
 e - 4 scrolls of remove curse {unknown}
 q - a scroll of immolation {unknown}
 u - a scroll of magic mapping {unknown}
 w - 4 scrolls of identify {unknown}
 x - a scroll of fog {unknown}
 z - 3 scrolls of random uselessness {unknown}
Potions
 f - a potion of lignification {unknown}
 g - a potion of invisibility {unknown}
 j - a potion of cure mutation {unknown}
 k - a potion of might {unknown}
 m - 3 potions of curing {unknown}
 r - 2 potions of poison {unknown}
 s - 2 potions of degeneration {unknown}
 t - a potion of mutation {unknown}
 v - a potion of heal wounds {unknown}
Books
 b - a book of Changes

   Spells                             Type                      Level
   a - Beastly Appendage              Transmutation                1
   b - Sticks to Snakes               Transmutation                2
   c - Spider Form                    Transmutation/Poison         3
   d - Ice Form                       Ice/Transmutation            4
   e - Blade Hands                    Transmutation                5
Comestibles
 c - 2 bread rations
 d - 2 meat rations
 h - a beef jerky


   Skills:
 - Level 2.0 Fighting
 - Level 1.9 Dodging
 - Level 3.8 Unarmed Combat
 - Level 2.3 Spellcasting
 - Level 3.2 Transmutations
 + Level 2.8 Poison Magic


You had 2 spell levels left.
You knew the following spells:

 Your Spells              Type           Power        Failure   Level  Hunger
a - Beastly Appendage     Trmt           #.....       10%         1    #......
b - Sticks to Snakes      Trmt           #.........   12%         2    ###....
c - Spider Form           Trmt/Pois      #.........   21%         3    ###....


Dungeon Overview and Level Annotations

Branches:
Dungeon (5/15)
 Temple: D:4-7

Altars:
Dithmenos
Gozag
Ru
Vehumet

Shops:
D:4 [


Innate Abilities, Weirdness & Mutations

Your plain brown scales are hard (AC +5).
Your body does not fit into most forms of armour.
You are cold-blooded and may be slowed by cold attacks.


Message History

The arrow misses you.
You see here an arrow.
The centaur shoots an arrow.
The arrow closely misses you.
The centaur shoots an arrow.
The arrow hits you!
You see here an arrow.
The centaur shoots an arrow.
The arrow hits you!
You see here an arrow.
An orc comes into view. It is wielding a hand axe.
The orc shouts!
The centaur shoots an arrow.
The arrow misses you.
A giant cockroach and an orc come into view.
The centaur shoots an arrow.
The arrow hits you.
The orc shouts!
A jackal skeleton comes into view.
You see here an arrow.
The centaur shoots an arrow.
The arrow hits you!
* * * LOW HITPOINT WARNING * * *
You see here an arrow.
The centaur shoots an arrow.
The arrow hits you!
You die...

#.#.... #.#.#.# ....
#...#.# .... ### #####.#
..... #>. #...#.# .....
#.###### #.#.#.# ......
#......####.#(...
...Z..##.........#.#####
....c..@......###...##
..o.s.#(......# #....#
..o....(......# #....# .
..............# #.......
.........(....# #...#...
......#...((..# #...#...
......#....(..# #...##.#
......#.####### ##### #
......#.#


You could see a centaur, 2 orcs, a giant cockroach and a jackal skeleton.

Vanquished Creatures
  Ijyb (D:2)
  Natasha (twice) (D:3)
  A killer bee zombie (D:5)
  An adder (D:4)
  An ooze (D:2)
  4 worms
  2 giant geckos
  2 orcs (D:3)
  A ball python (D:3)
  4 giant cockroaches
  5 goblins
  6 hobgoblins
  5 jackals
  A quokka (D:2)
  9 bats
  9 giant newts
  4 kobolds
  7 rats
65 creatures vanquished.

Vanquished Creatures (collateral kills)
  An adder (D:3)
1 creature vanquished.

Grand Total: 66 creatures vanquished

Notes
Turn   | Place    | Note
--------------------------------------------------------------
     0 | D:1      | Oddball22 the Draconian Transmuter began the quest for the Orb.
     0 | D:1      | Reached XP level 1. HP: 16/16 MP: 3/3
   301 | D:1      | Reached XP level 2. HP: 18/23 MP: 1/5
   524 | D:1      | Learned a level 2 spell: Sticks to Snakes
  1069 | D:2      | Found an opulent altar of Gozag.
  1069 | D:2      | Found a shadowy altar of Dithmenos.
  1072 | D:2      | Found a radiant altar of Vehumet.
  1085 | D:2      | Found a sacrificial altar of Ru.
  1284 | D:2      | Reached XP level 3. HP: 4/29 MP: 4/6
  1870 | D:2      | Noticed Ijyb
  1876 | D:2      | Learned a level 3 spell: Spider Form
  1909 | D:2      | Killed Ijyb
  1909 | D:2      | Reached XP level 4. HP: 33/36 MP: 1/7
  2685 | D:3      | Reached skill level 1 in Poison Magic
  2914 | D:3      | Noticed Natasha
  2924 | D:3      | Killed Natasha
  2924 | D:3      | Reached XP level 5. HP: 14/41 MP: 5/8
  3157 | D:3      | Noticed Natasha
  3170 | D:3      | Killed Natasha
  3271 | D:3      | Noticed an ogre
  3283 | D:3      | You fall through a shaft for 2 floors!
  3283 | D:5      | Entered Level 5 of the Dungeon
  3499 | D:4      | Found Orphuguv's Antique Armour Boutique.
  3540 | D:4      | Noticed an ogre
  3647 | D:4      | Noticed a centaur
  3652 | D:4      | HP: 2/41 [centaur/arrow (12)]
  3653 | D:4      | Shot with an arrow by a centaur

Vault maps used:
D:1:      lemuel_arrival_muddy, st_stairs_11
D:2:      nicolae_overflow_quartered_altars, first_bread, minmay_bad_closet,
          mrwooster_statue_mirror, uniq_iyjb
D:3:      uniq_natasha
D:4:      serial_shops, nicolae_shop_temple_entry_statues_fountains,
          minmay_misc_feat_ornament
D:5:      hangedman_decor_riveting

Action                   |  1- 3 |  4- 6 || total
-------------------------+-------+-------++-------
Melee: Unarmed           |    56 |     9 ||    65
       Dagger            |    93 |   104 ||   197
       Trident           |     6 |       ||     6
 Cast: Beastly Appendage |     7 |    13 ||    20
       Spider Form       |     1 |     2 ||     3
       Sticks to Snakes  |       |     3 ||     3
  Use: Scroll            |     1 |       ||     1
 Stab: Sleeping          |     4 |       ||     4
  Eat: Chunk             |     3 |     5 ||     8
       Bread ration      |       |     1 ||     1
